 Dungeon Crawl Stone Soup version 0.21.1-1-g345015fe64 (webtiles) character file.

819 RepoMan the Magician (level 7, -3/46 HPs)
             Began as a Mummy Wizard on Apr 29, 2018.
             Slain by a killer bee (10 damage)
             ... on level 5 of the Dungeon.
             The game lasted 00:37:17 (5636 turns).

RepoMan the Magician (Mummy Wizard)                 Turns: 5636, Time: 00:37:18

Health: -3/46      AC:  2    Str: 10    XL:     7   Next: 63%
Magic:  2/15       EV: 17    Int: 19    God:
Gold:   135        SH:  0    Dex: 11    Spells: 3/17 levels left

rFire    x . .     SeeInvis .   k - +1 mace (protect)
rCold    + . .     Gourm    .   (no shield)
rNeg     + + +     Faith    .   a - +0 robe
rPois    ∞         Spirit   .   b - +0 hat
rElec    .         Reflect  .   (no cloak)
rCorr    .         Harm     .   (no gloves)
MR       .....                  (no boots)
Stlth    ++........             (no amulet)
HPRegen  0.15/turn              e - +4 ring of evasion
MPRegen  0.14/turn              (no ring)

@: no status effects
A: no food or potions, fire vulnerability, cold resistance 1, negative energy
resistance 3, torment resistance, unbreathing
a: no special abilities


You were on level 5 of the Dungeon.
You were not hungry.

You visited 1 branch of the dungeon, and saw 5 of its levels.

You collected 135 gold pieces.

Inventory:

Hand Weapons
 k - a +1 mace of protection (weapon)
Missiles
 f - 6 poisoned needles
Armour
 a - a +0 robe (worn)
 b - a +0 hat (worn)
Jewellery
 e - a +4 ring of evasion (left hand)
Wands
 l - a wand of polymorph (1)
Scrolls
 d - 3 scrolls of remove curse
 h - a scroll of magic mapping {unknown}
 j - a scroll of teleportation {unknown}
 m - a scroll of fear {unknown}
Books
 c - a book of Minor Magic

   Spells                             Type                      Level
   a - Magic Dart                     Conjuration                  1
   b - Blink                          Translocation                2
   c - Call Imp                       Summoning                    2
   d - Slow                           Hexes                        2
   e - Conjure Flame                  Conjuration/Fire             3
   f - Mephitic Cloud                 Conjuration/Poison/Air       3
 g - a book of Cantrips

   Spells                             Type                      Level
   a - Confusing Touch                Hexes                        1
   b - Animate Skeleton               Necromancy                   1
   c - Summon Small Mammal            Summoning                    1
   d - Apportation                    Translocation                1


   Skills:
 + Level 3.3 Dodging
 - Level 1.5 Stealth
 + Level 5.9 Spellcasting
 * Level 4.3 Conjurations
 - Level 1.3 Hexes
 - Level 0.7 Summonings
 - Level 1.9 Translocations
 + Level 2.2 Fire Magic


You had 3 spell levels left.
You knew the following spells:

 Your Spells              Type           Power        Failure   Level  Hunger
a - Magic Dart            Conj           ###.         1%          1    N/A
b - Blink                 Tloc           N/A          8%          2    N/A
c - Conjure Flame         Conj/Fire      ###.....     9%          3    N/A
g - Apportation           Tloc           ##....       4%          1    N/A
i - Call Imp              Summ           #.......     13%         2    N/A
m - Mephitic Cloud        Conj/Pois/Air  ##......     19%         3    N/A
s - Animate Skeleton      Necr           N/A          11%         1    N/A
t - Confusing Touch       Hex            ##....       7%          1    N/A

Dungeon Overview and Level Annotations

Branches:
Dungeon (5/15)
 Temple: D:4-7

Altars:
Cheibriados
Makhleb
Okawaru
Sif Muna
Uskayaw
Xom
Zin

Annotations:
D:3 Sigmund


Innate Abilities, Weirdness & Mutations

You do not eat or drink.
Your flesh is vulnerable to fire.
You are immune to poison.
Your flesh is cold resistant. (rC+)
You are immune to negative energy. (rN+++)
You are immune to unholy pain and torment.
You can survive without breathing.


Message History

Confirm with . or Enter, or press ? or * to list all spells.
You blink.
Unknown command.
Casting: Blink
Confirm with . or Enter, or press ? or * to list all spells.
You blink.
Casting: Blink
Confirm with . or Enter, or press ? or * to list all spells.
A beastly little devil appears in a puff of flame.
The killer bee closely misses you.
Your crimson imp barely misses the killer bee.
Unknown command.
Casting: Call Imp
Confirm with . or Enter, or press ? or * to list all spells.
You blink.
Your crimson imp blinks!
Casting: Blink
Confirm with . or Enter, or press ? or * to list all spells.
You blink.
The killer bee stings you!
You die...

#...### # ##...5.## .##
#.......##).#
##...........##
#.............#
##.....(.))....#
#§......()......
#y§.....(.......
##@..............
####.5..............
#.<.................
.................(....)...
.........#................
....######................
.## ##...............
####..........( ##########


You could see a killer bee and 2 friendly crimson imps.

Vanquished Creatures
  Grinder (D:3)
  Purgy (D:3)
  A scorpion (D:4)
  A howler monkey (D:5)
  A crimson imp (D:4)
  A bullfrog skeleton (D:3)
  An orc priest (D:5)
  2 orc wizards
  3 adders
  An ooze (D:1)
  A worm (D:4)
  4 leopard geckos
  11 orcs
  4 giant cockroaches
  8 goblins
  5 hobgoblins
  4 jackals
  3 quokkas
  A ball python (D:3)
  10 bats
  5 frilled lizards
  5 kobolds
  A leopard gecko skeleton (D:4)
  5 rats
80 creatures vanquished.

Vanquished Creatures (collateral kills)
  The ghost of Tegun the Ogre Mage, an amateur OgTm (D:4)
  An ice beast (D:5)
  A scorpion (D:5)
  A hound (D:2)
  A worker ant (D:4)
  2 adders
  A dart slug (D:1)
  3 orcs
  2 giant cockroaches
  6 jackals
19 creatures vanquished.

Grand Total: 99 creatures vanquished

Notes
Turn   | Place    | Note
-------+----------+-------------------------------------------
     0 | D:1      | RepoMan the Mummy Wizard began the quest for the Orb.
     0 | D:1      | Reached XP level 1. HP: 13/13 MP: 5/5
    93 | D:1      | Reached skill level 1 in Conjurations
   364 | D:1      | Reached XP level 2. HP: 19/19 MP: 4/7
   368 | D:1      | Learned a level 2 spell: Call Imp
   371 | D:1      | Learned a level 2 spell: Blink
  1409 | D:1      | Reached XP level 3. HP: 24/24 MP: 5/8
  1457 | D:1      | Learned a level 3 spell: Conjure Flame
  1729 | D:2      | Reached skill level 1 in Translocations
  2192 | D:2      | Learned a level 3 spell: Mephitic Cloud
  2385 | D:2      | Found a glowing silver altar of Zin.
  2388 | D:2      | Found a snail-covered altar of Cheibriados.
  2389 | D:2      | Found a burning altar of Makhleb.
  2389 | D:2      | Found a shimmering altar of Xom.
  2390 | D:2      | Found an iron altar of Okawaru.
  2392 | D:2      | Found a hide-covered altar of Uskayaw.
  2548 | D:3      | Reached XP level 4. HP: 30/30 MP: 2/10
  2622 | D:3      | Learned a level 1 spell: Confusing Touch
  3488 | D:3      | Noticed Grinder
  3514 | D:3      | Paralysed by Grinder for 6 turns
  3527 | D:3      | Paralysed by Grinder for 6 turns
  3533 | D:3      | Killed Grinder
  3533 | D:3      | Reached skill level 5 in Spellcasting
  3533 | D:3      | Reached skill level 1 in Hexes
  3533 | D:3      | Reached skill level 1 in Fire Magic
  3533 | D:3      | Reached XP level 5. HP: 15/35 MP: 10/12
  3533 | D:3      | Reached XP level 6. HP: 17/41 MP: 10/13
  3820 | D:3      | Noticed Purgy
  3832 | D:3      | Killed Purgy
  3997 | D:3      | Noticed Sigmund
  4322 | D:4      | Found a deep blue altar of Sif Muna.
  4352 | D:4      | Noticed Tegun's ghost (amateur OgTm)
  4422 | D:4      | Learned a level 1 spell: Animate Skeleton
  4435 | D:4      | Killed Tegun's ghost
  4435 | D:4      | Reached XP level 7. HP: 46/46 MP: 6/15
  5234 | D:4      | Learned a level 1 spell: Apportation
  5319 | D:5      | Entered Level 5 of the Dungeon
  5636 | D:5      | Slain by a killer bee

Skill      XL: |  1  2  3  4  5  6  7 |
---------------+----------------------+-----
Conjurations   | 1 2 3 4 |  4.3
Dodging        | 2 3 |  3.3
Translocations | 1 |  1.9
Spellcasting   | 5 |  5.9
Hexes          | 1 |  1.3
Fire Magic     | 1 2 |  2.2
Stealth        | |  1.5
Summonings     | |  0.7

Action                   |  1- 3 |  4- 6 |  7- 9 || total
-------------------------+-------+-------+-------++-------
Melee: Club              |    15 |       |       ||    15
       Whip              |     2 |    25 |       ||    27
       Unarmed           |     1 |     5 |     9 ||    15
       Mace              |       |     4 |    16 ||    20
 Cast: Magic Dart        |    90 |    86 |    50 ||   226
       Call Imp          |     7 |    10 |     9 ||    26
       Confusing Touch   |       |     3 |     2 ||     5
       Conjure Flame     |       |     4 |     3 ||     7
       Mephitic Cloud    |       |     1 |     1 ||     2
       Animate Skeleton  |       |     1 |     1 ||     2
       Blink             |       |       |     4 ||     4
Evoke: Wand              |       |     7 |     4 ||    11
  Use: Scroll            |     2 |       |       ||     2
Armor: Robe              |     8 |     7 |     6 ||    21
Dodge: Dodged            |    39 |    42 |    26 ||   107
